 Dungeon Crawl Stone Soup version 0.22.1-2-g9c5b331 (webtiles) character file.

10424 Fang the Cleaver (level 11, -10/108 HPs)
             Began as a Gargoyle Berserker on Jan 2, 2019.
             Was a High Priest of Trog.
             Mangled by a white ugly thing (28 damage)
             ... on level 11 of the Dungeon on Jan 3, 2019.
             The game lasted 00:15:06 (10088 turns).

Fang the Cleaver (Gargoyle Berserker)              Turns: 10088, Time: 00:15:07

Health: -10/108    AC: 24    Str: 28    XL:     11   Next: 61%
Magic:  11/11      EV:  9    Int:  9    God:    Trog [*****.]
Gold:   588        SH:  0    Dex:  9    Spells: 10/10 levels left

rFire    + . .     SeeInvis +   r - +2 war axe
rCold    . . .     Gourm    .   (no shield)
rNeg     + . .     Faith    .   u - +1 plate armour
rPois    ∞         Spirit   .   (no helmet)
rElec    +         Reflect  .   f - +1 cloak {+Inv}
rCorr    .         Harm     .   (no gloves)
MR       .....                  (no boots)
Stlth    ..........             (no amulet)
HPRegen  0.28/turn              i - ring of protection from fire
MPRegen  0.12/turn              p - ring of see invisible

@: berserking, starving, very quick
A: negative energy resistance 1, electricity resistance, unbreathing,
petrification resistance, rot immunity, AC +8
a: Berserk, Trog's Hand, Brothers in Arms, Renounce Religion, Evoke Invisibility


You were on level 11 of the Dungeon.
You worshipped Trog.
Trog was extremely pleased with you.
You were starving.

You visited 2 branches of the dungeon, and saw 12 of its levels.

You collected 588 gold pieces.

Inventory:

Hand Weapons
 r - a +2 war axe (weapon)
Armour
 f - a +1 cloak of invisibility (worn)
 u - a +1 plate armour (worn)
Jewellery
 i - a ring of protection from fire (left hand)
 p - a ring of see invisible (right hand)
Wands
 b - a wand of iceblast (5)
 d - a wand of enslavement (7)
 o - a wand of polymorph (20)
 w - a wand of acid (8)
 x - a wand of random effects (68)
 y - a wand of paralysis (14)
Scrolls
 k - 2 scrolls of identify
 m - a scroll of magic mapping
 n - 7 scrolls of remove curse
 s - 4 scrolls of teleportation
Potions
 a - a potion of magic
 e - 2 potions of agility
 g - a potion of mutation
 h - a potion of invisibility
 j - 2 potions of might
 l - 5 potions of flight
 q - 4 potions of heal wounds
 z - a potion of lignification
 B - a potion of brilliance
Comestibles
 c - 28 rations


   Skills:
 + Level 9.9 Fighting
 + Level 12.6 Axes
 + Level 7.7 Armour
 + Level 3.6 Dodging
 + Level 1.2 Stealth


You had 10 spell levels left.
You didn't know any spells.
Your spell library was empty.

Dungeon Overview and Level Annotations

Branches:
Dungeon (11/15)            Temple (1/1) D:4            Lair (0/6) D:8
    Orc: D:9-12

Altars:
Ashenzari
Dithmenos
Gozag
Kikubaaqudgha
Makhleb
Sif Muna
Trog
Xom
Yredelemnul

Shops:
D:6 *   D:9 ?[


Innate Abilities, Weirdness & Mutations

You are resistant to torment.
Your stone body is resilient. (AC +8)
You are immune to poison.
You resist negative energy. (rN+)
You are resistant to electric shocks. (rElec)
You can survive without breathing.
You are immune to petrification.
You are immune to rotting.


Message History

* * * LOW HITPOINT WARNING * * *
You are too injured to fight recklessly!
You are too injured to fight recklessly!
You are too injured to fight recklessly!
You are too injured to fight recklessly!
You are too injured to fight recklessly!
You are too injured to fight recklessly!
You are too injured to fight recklessly!
You are too injured to fight recklessly!
You are too injured to fight recklessly!
You are too injured to fight recklessly!
You are too injured to fight recklessly!
You are too injured to fight recklessly!
A red film seems to cover your vision as you go berserk!
You feel yourself moving faster!
You feel mighty!
You are starving!
The white ugly thing gores you!
* * * LOW HITPOINT WARNING * * *
The white ugly thing freezes you!!
You die...

# #####.#####
#..@u......
#.#####.##. #
######.####
....#####.[.>.....#
.............#.##(#
..#.##..#.##C#... ..
..#.##..#.##.#.......#
..#.......##.##.....##
..####..####.# .....#


You could see a white ugly thing.

Vanquished Creatures
  Harold (D:8)
  A hydra (D:9)
  An unseen horror (D:10)
  Pikel (D:5)
  Maurice (D:8)
  Joseph (D:8)
  Grinder (D:5)
  2 dream sheep (D:9)
  A hippogriff (D:7)
  Eustachio (D:6)
  11 yaks
  Sigmund (D:5)
  A wraith (D:11)
  A hungry ghost (D:8)
  Edmund (D:4)
  A water moccasin (D:7)
  3 orc warriors
  3 phantoms (D:7)
  2 sky beasts
  2 ice beasts
  3 ogres
  2 centaurs
  5 bullfrogs
  4 big kobolds (D:9)
  Blork the orc (D:6)
  2 scorpions
  A wyvern skeleton (D:9)
  2 howler monkeys
  5 wights (D:7)
  2 bullfrog zombies
  8 crimson imps
  2 centaur zombies
  11 hounds
  A quasit (D:7)
  4 jellies
  5 orc priests
  A bullfrog skeleton (D:4)
  An iguana (D:11)
  11 orc wizards
  A centaur skeleton (D:4)
  8 worker ants
  2 hound zombies
  A worker ant zombie (D:4)
  9 adders
  6 gnolls
  2 howler monkey skeletons
  2 adder skeletons
  An adder zombie (D:8)
  A worm (D:4)
  2 dart slugs (D:1)
  4 leopard geckos
  30 orcs
  7 bats
  6 giant cockroaches
  8 goblins
  3 hobgoblins
  10 jackals
  3 quokkas
  2 ball pythons
  4 frilled lizards
  11 kobolds
  2 leopard gecko skeletons
  5 rats
  A butterfly (D:7)
239 creatures vanquished.

Vanquished Creatures (others)
  3 slaves (D:5)
  A crimson imp (D:5)
4 creatures vanquished.

Grand Total: 243 creatures vanquished

Notes
Turn   | Place    | Note
-------+----------+-------------------------------------------
     0 | D:1      | Fang the Gargoyle Berserker began the quest for the Orb.
     0 | D:1      | Reached XP level 1. HP: 14/14 MP: 1/1
    99 | D:1      | Reached XP level 2. HP: 8/19 MP: 2/2
   546 | D:1      | Reached skill level 3 in Axes
   558 | D:1      | Reached XP level 3. HP: 17/24 MP: 3/3
  1115 | D:2      | Reached XP level 4. HP: 29/29 MP: 4/4
  1233 | D:2      | Reached ** piety under Trog
  1240 | D:2      | Reached skill level 1 in Stealth
  1719 | D:2      | Found a shattered altar of Ashenzari.
  1854 | D:3      | Reached XP level 5. HP: 32/33 MP: 5/5
  1895 | D:3      | Reached skill level 4 in Axes
  2494 | D:4      | Found a burning altar of Makhleb.
  2509 | D:4      | Reached XP level 6. HP: 40/40 MP: 6/6
  2528 | D:4      | Reached skill level 5 in Axes
  2806 | D:4      | Noticed Edmund
  2818 | D:4      | Killed Edmund
  2818 | D:4      | Reached skill level 5 in Fighting
  2818 | D:4      | Reached XP level 7. HP: 42/44 MP: 7/7
  2902 | D:4      | Found a bloodstained altar of Trog.
  2906 | D:4      | Found a deep blue altar of Sif Muna.
  3267 | D:4      | Reached *** piety under Trog
  3267 | D:4      | Reached skill level 6 in Axes
  3280 | D:4      | Found a staircase to the Ecumenical Temple.
  3471 | Temple   | Entered the Ecumenical Temple
  3494 | D:5      | Entered Level 5 of the Dungeon
  3495 | D:5      | Noticed Pikel
  3507 | D:5      | Killed Pikel
  3507 | D:5      | Reached skill level 7 in Axes
  3507 | D:5      | Reached XP level 8. HP: 51/51 MP: 8/8
  3982 | D:5      | Noticed Grinder
  3986 | D:5      | Paralysed by Grinder for 3 turns
  3993 | D:5      | Killed Grinder
  3993 | D:5      | Reached skill level 8 in Axes
  4163 | D:5      | Noticed Sigmund
  4176 | D:5      | Killed Sigmund
  4176 | D:5      | Reached XP level 9. HP: 38/56 MP: 9/9
  4919 | D:6      | Noticed Blork the orc
  4932 | D:6      | Killed Blork the orc
  5056 | D:6      | Reached skill level 5 in Armour
  5069 | D:6      | Found Gozag's Platinum Reserve.
  5070 | D:6      | Found an opulent altar of Gozag.
  5070 | D:6      | Noticed Eustachio
  5091 | D:6      | Killed Eustachio
  5458 | D:6      | Reached skill level 9 in Axes
  6256 | D:7      | Found a shimmering altar of Xom.
  6286 | D:7      | Reached **** piety under Trog
  6299 | D:7      | Found an ancient bone altar of Kikubaaqudgha.
  6473 | D:7      | Reached skill level 10 in Axes
  6518 | D:7      | Reached XP level 10. HP: 63/63 MP: 10/10
  7099 | D:8      | Noticed Harold
  7116 | D:8      | Killed Harold
  7174 | D:8      | Paralysed by fainting for 12 turns
  7317 | D:8      | Found a shadowy altar of Dithmenos.
  7339 | D:8      | Noticed Maurice
  7348 | D:8      | Reached skill level 11 in Axes
  7362 | D:8      | Killed Maurice
  7464 | D:8      | Found a staircase to the Lair.
  7578 | D:8      | Noticed Joseph
  7594 | D:8      | Killed Joseph
  7995 | D:9      | Found Douba's Magic Scroll Emporium.
  8041 | D:9      | Reached XP level 11. HP: 49/71 MP: 11/11
  8203 | D:9      | Noticed a three-headed hydra
  8230 | D:9      | HP: 5/106 [13-headed hydra (5)]
  8231 | D:9      | Killed a 14-headed hydra
  8231 | D:9      | Reached skill level 12 in Axes
  8633 | D:9      | Found Qeamutepyso's Armour Shop.
  9127 | D:10     | Entered Level 10 of the Dungeon
  9197 | D:10     | Reached ***** piety under Trog
  9713 | D:10     | Killed an unseen horror
 10079 | D:11     | Noticed a white ugly thing
 10084 | D:11     | Noticed a cyclops
 10088 | D:11     | Mangled by a white ugly thing

Skill      XL: |  1  2  3  4  5  6  7  8  9 10 11 |
---------------+----------------------------------+-----
Axes           | 3 4 5 7 8 10 11 12 | 12.6
Fighting       | 4 5 6 7 9 |  9.9
Dodging        | 2 3 |  3.6
Stealth        | 1 |  1.2
Armour         | 4 5 6 7 |  7.7

Action                   |  1- 3 |  4- 6 |  7- 9 | 10-12 || total
-------------------------+-------+-------+-------+-------++-------
Melee: Hand axe          |    72 |   142 |       |       ||   214
       War axe           |       |    19 |   412 |   416 ||   847
Invok: Berserk           |     1 |     3 |     2 |     5 ||    11
       Brothers in Arms  |       |       |       |     1 ||     1
  Use: Scroll            |       |       |       |    20 ||    20
 Stab: Sleeping          |     1 |       |       |       ||     1
  Eat: Chunk             |       |    10 |    13 |    15 ||    38
       Ration            |       |       |       |     2 ||     2
Armor: Animal skin       |    42 |    38 |       |       ||    80
       Chain mail        |       |    45 |   221 |       ||   266
       Plate armour      |       |       |    80 |   364 ||   444
Dodge: Dodged            |    64 |   100 |   194 |   147 ||   505
